 Dungeon Crawl Stone Soup version bcrawl-1.21.2-1-g32d02e0829 (webtiles) character file.

Game seed: 5812859827083244133

91 Foic the Grave Robber (level 4, -2/30 HPs)
             Began as a Mummy Necromancer on Feb 18, 2020.
             Slain by a crimson imp (4 damage)
             ... on level 3 of the Dungeon.
             The game lasted 00:27:40 (5188 turns).

Foic the Grave Robber (Mummy Necromancer)           Turns: 5188, Time: 00:27:40

Health: -2/30      AC:  3    Str: 10 (11) XL:     4   Next: 34%
Magic:  10/10      EV: 12    Int: 20      God:
Gold:   191        SH:  0    Dex: 12      Spells: 2/11 levels left

rFire    x . .     SeeInvis .   j - +0 short sword
rCold    + . .     Gourm    .   (no shield)
rNeg     + + +     Faith    .   f - +0 leather armour
rPois    ∞         Spirit   .   (no helmet)
rElec    .         Reflect  .   (no cloak)
rCorr    .         Harm     .   (no gloves)
MR       .....     Clarity  +   (no boots)
Stlth    ++........             (no amulet)
HPRegen  0.10/turn              c - +1 ring of evasion
MPRegen  0.12/turn              e - +5 ring of intelligence (curse)

@: no status effects
A: no food or potions, fire vulnerability, clarity, cold resistance 1, negative
energy resistance 3, torment resistance, unbreathing
a: no special abilities


You were on level 3 of the Dungeon.
You were not hungry.

You visited 1 branch of the dungeon, and saw 3 of its levels.

You collected 191 gold pieces.

Inventory:

Hand Weapons
 a - a +1 dagger
 j - a +0 short sword (weapon)
Missiles
 d - 649 stones (quivered)
Armour
 b - a +0 robe
 f - a +0 leather armour (worn)
Jewellery
 c - a +1 ring of evasion (left hand)
 e - a cursed +5 ring of intelligence (right hand)
Scrolls
 g - a scroll of teleportation
 h - a scroll of magic mapping {unknown}
 i - 3 scrolls of blinking {unknown}


   Skills:
 + Level 0.6 Throwing
 + Level 0.2 Armour
 + Level 1.5 Dodging
 + Level 1.8 Stealth
 + Level 4.3 Spellcasting
 + Level 4.8 Necromancy


You had 2 spell levels left.
You knew the following spells:

 Your Spells              Type           Power        Failure   Level  Hunger
a - Animate Skeleton      Necr           N/A          2%          1    N/A
b - Pain                  Necr           ###...       2%          1    N/A
c - Vampiric Draining     Necr           ###.......   7%          3    N/A
d - Animate Dead          Necr           N/A          22%         4    N/A

Your spell library contained the following spells:

 Spells                   Type           Power        Failure   Level  Hunger
 Bolt of Draining         Conj/Necr      ##........   86%         5    N/A
 Regeneration             Chrm/Necr      Unusable     N/A         3    N/A

Dungeon Overview and Level Annotations

Branches:
Dungeon (3/12)

Altars:


Innate Abilities, Weirdness & Mutations

You do not eat or drink.
Your flesh is vulnerable to fire.
You are immune to poison.
You possess an exceptional clarity of mind.
Your flesh is cold resistant. (rC+)
You are immune to negative energy. (rN+++)
You are immune to unholy pain and torment.
You can survive without breathing.


Message History

* * * LOW HITPOINT WARNING * * *
You barely miss the crimson imp. The crimson imp closely misses you.
The crimson imp misses you.
You barely miss the crimson imp. The crimson imp closely misses you.
You hit the crimson imp but do no damage.
The crimson imp hits you.
* * * LOW HITPOINT WARNING * * *
You miss the crimson imp. The crimson imp closely misses you.
You barely miss the crimson imp. The crimson imp barely misses you.
You barely miss the crimson imp. The crimson imp hits you.
* * * LOW HITPOINT WARNING * * *
You closely miss the crimson imp.
The crimson imp hits you but does no damage.
You hit the crimson imp but do no damage.
The crimson imp hits you.
* * * LOW HITPOINT WARNING * * *
You miss the crimson imp.
The crimson imp hits you but does no damage.
You closely miss the crimson imp. The crimson imp hits you.
You die...

.. .. .# .# ###.#.
.#### ..... .... #
#.#.######....
#.##.#........#
#.............#
####.##<).....#
#.......@....#
#.#.##.5.....#
#...##.......#
#.####.......#
#.####.##.####
#.........#
#.#####.###
#########.# ###.####
..........###.(....#
#


You could see a crimson imp.

Vanquished Creatures
  An adder (D:3)
  2 oozes
  A worm (D:1)
  A dart slug (D:1)
  A leopard gecko (D:2)
  5 orcs
  3 giant cockroaches
  4 goblins
  10 hobgoblins
  4 jackals (D:3)
  6 kobolds
  3 quokkas
  A ball python (D:2)
  5 bats
  6 frilled lizards
  2 rats
55 creatures vanquished.

Vanquished Creatures (collateral kills)
  A dart slug (D:3)
  A frilled lizard (D:3)
2 creatures vanquished.

Grand Total: 57 creatures vanquished

Notes
Turn   | Place    | Note
-------+----------+-------------------------------------------
     0 | D:1      | Foic the Mummy Necromancer began the quest for the Orb.
     0 | D:1      | Reached XP level 1. HP: 13/13 MP: 4/4
   664 | D:1      | Reached XP level 2. HP: 19/19 MP: 4/6
  1668 | D:1      | Reached XP level 3. HP: 24/24 MP: 1/8
  1765 | D:1      | Learned a level 3 spell: Vampiric Draining
  1873 | D:2      | Found a faded altar of an unknown god.
  2536 | D:3      | Reached XP level 4. HP: 26/30 MP: 0/10
  2561 | D:3      | Learned a level 4 spell: Animate Dead
  5188 | D:3      | Slain by a crimson imp

Skill      XL: |  1  2  3 |
---------------+----------+-----
Spellcasting   | 3 4 |  4.3
Throwing       | |  0.6
Armour         | |  0.2
Dodging        | |  1.5
Stealth        | |  1.8
Necromancy     | |  4.8

Action                   |  1- 3 |  4- 6 || total
-------------------------+-------+-------++-------
Melee: Dagger            |     6 |    46 ||    52
       Short sword       |       |   327 ||   327
Throw: Stone             |    20 |   116 ||   136
 Cast: Pain              |   144 |    20 ||   164
       Animate Skeleton  |     9 |       ||     9
       Vampiric Draining |     1 |     2 ||     3
       Animate Dead      |       |     6 ||     6
  Use: Scroll            |     5 |       ||     5
Armor: Robe              |     1 |     8 ||     9
       Leather armour    |     3 |    84 ||    87
Dodge: Dodged            |    15 |   188 ||   203
